 Dungeon Crawl Stone Soup version 0.25-a0-185-g6cfeca75b2 (webtiles) character file.

Game seed: 15750481424305154718, levelgen mode: deterministic

11 vurker the Gusty (level 2, -1/16 HPs)
             Began as a Tengu Air Elementalist on Nov 27, 2019.
             Slain by a jackal (2 damage)
             ... on level 1 of the Dungeon.
             The game lasted 00:00:47 (373 turns).

vurker the Gusty (Tengu Air Elementalist)            Turns: 373, Time: 00:00:48

Health: -1/16      AC:  2    Str:  8    XL:     2   Next: 25%
Magic:  0/6        EV: 12    Int: 15    God:
Gold:   35         SH:  0    Dex: 14    Spells: 4/5 levels left

rFire    . . .     SeeInvis .   (no weapon)
rCold    . . .     Gourm    .   (no shield)
rNeg     . . .     Faith    .   a - +0 robe
rPois    .         Spirit   .   (helmet restricted)
rElec    .         Reflect  .   (no cloak)
rCorr    .         Harm     .   (no gloves)
MR       .....                  (boots unavailable)
Stlth    ++........             (no amulet)
HPRegen  0.05/turn              (no ring)
MPRegen  0.10/turn              (no ring)

@: very slightly contaminated
A: beak, talons 3
a: no special abilities


You were on level 1 of the Dungeon.
You were not hungry.

You visited 1 branch of the dungeon, and saw 1 of its levels.

You collected 35 gold pieces.

Inventory:

Armour
 a - a +0 robe (worn)
Scrolls
 b - a scroll of fog {unknown}
 d - a scroll of blinking {unknown}
Comestibles
 c - a chunk of flesh
 e - a ration


   Skills:
 + Level 0.3 Fighting
 - Level 2.1 Dodging
 - Level 2.0 Stealth
 * Level 2.2 Spellcasting
 * Level 2.0 Conjurations
 * Level 4.2 Air Magic


You had 4 spell levels left.
You knew the following spells:

 Your Spells              Type           Power        Failure   Level  Hunger
a - Shock                 Conj/Air       ##..         6%          1    #......

Your spell library contained the following spells:

 Spells                   Type           Power        Failure   Level  Hunger
 Swiftness                Chrm/Air       #.......     14%         2    ###....
 Static Discharge         Conj/Air       ##......     19%         3    ###....
 Airstrike                Air            ##........   36%         4    #####..
 Lightning Bolt           Conj/Air       ##........   86%         5    ######.


Dungeon Overview and Level Annotations

Branches:
Dungeon (1/15)

Altars:


Innate Abilities, Weirdness & Mutations

You have a beak for a mouth.
You have claws for feet.


Message History

You don't have enough magic to cast that spell.
You hit the bat.
You kill the bat!
You have reached level 2!
You hit the jackal but do no damage. The jackal bites you.
* * * LOW HITPOINT WARNING * * *
The jackal bites you.
* * * LOW HITPOINT WARNING * * *
You don't have enough magic to cast that spell.
You barely miss the jackal. Your kick misses the jackal.
Your peck misses the jackal. The jackal barely misses you.
Aim: a jackal (heavily wounded)
The zap misses the jackal.
The zap misses the kobold.
The zap hits the jackal.
The jackal barely misses you.
You miss the jackal. Your kick misses the jackal. You peck the jackal.
The jackal barely misses you. x2
You hit the jackal but do no damage. You claw the jackal.
You kill the jackal!
You hit the kobold. The kobold hits you with a +0 dagger.
* * * LOW HITPOINT WARNING * * *
You hit the kobold but do no damage. Your peck misses the kobold.
The kobold closely misses you.
You hit the kobold.
You kill the kobold!
You hit the jackal but do no damage.
The jackal bites you but does no damage.
A hobgoblin comes into view. It is wielding a +0 club.
The jackal closely misses you.
The hobgoblin shouts!
You hit the jackal but do no damage.
The jackal bites you but does no damage.
You hit the jackal but do no damage. You peck the jackal, but do no damage.
The jackal closely misses you.
You hit the jackal but do no damage. Your peck misses the jackal.
The jackal bites you but does no damage.
The jackal bites you.
* * * LOW HITPOINT WARNING * * *
Aim: a jackal (severely wounded)
You miscast Shock.
You are very lightly contaminated with residual magic.
Wisps of smoke drift from your hands. The jackal closely misses you.
You hit the jackal. You claw the jackal.
You kill the jackal!
Your Conjurations skill increases to level 2!
The jackal barely misses you.
You hit the jackal but do no damage. The jackal closely misses you.
You hit the jackal but do no damage. Your peck misses the jackal.
The jackal misses you. The jackal completely misses you.
You barely miss the jackal. You claw the jackal. The jackal bites you.
You die...

..# #)# #..... ..# #.# #####
#.#### ..#
#.#############...####.#### ..#
#.............'.....##.#...
#####################.....##....#
....................#.....##.#...
###################.#.....#####.#
.)..........#######.#...........#
...........((.gh@................
......?.......###.#.#.......##...
#.....†#..(...###+#.....∩......##
.....†.#.........................
K......#................<.....###
.......+.h#...................#
.#.....#..#...........⌠...⌠...#
##.......#>.................##
#..)....#.#####+#.........##


You could see a jackal and a hobgoblin.

Vanquished Creatures
  A bat (D:1)
  A giant cockroach (D:1)
  A hobgoblin (D:1)
  4 jackals (D:1)
  A kobold (D:1)
  A rat (D:1)
9 creatures vanquished.

Notes
Turn   | Place    | Note
-------+----------+-------------------------------------------
     0 | D:1      | vurker the Tengu Air Elementalist began the quest for the
                  | Orb.
     0 | D:1      | Reached XP level 1. HP: 10/10 MP: 4/4
   356 | D:1      | Reached XP level 2. HP: 7/16 MP: 0/6
   373 | D:1      | Slain by a jackal

Levels and vault maps discovered:
D:1:      wander_arrival_desolate, layout_basic

Skill      XL: |  1  2 |
---------------+-------+-----
Conjurations   | 2 |  2.0
Fighting       | |  0.3
Dodging        | |  2.1
Stealth        | |  2.0
Spellcasting   | |  2.2
Air Magic      | |  4.2

Action                   || total
-------------------------++-------
Melee: Unarmed           ||    28
       Kick              ||     4
       Peck              ||     3
 Cast: Shock             ||    12
Armor: Robe              ||    13
Dodge: Dodged            ||    35

Table legend:
 A = Non-vault XP
 B = Vault XP
 C = Vault XP percentage of total XP
 D = Non-vault monster count
 E = Vault monster count
 F = Vault count percentage of total count
                 A         B        C        D         E       F
            +---------+---------+-------+---------+---------+-------
      Total |      16 |       0 |   0.0 |       9 |       0 |   0.0
            +---------+---------+-------+---------+---------+-------
        D:1 |      16 |       0 |   0.0 |       9 |       0 |   0.0
            +---------+---------+-------+---------+---------+-------
